 Dungeon Crawl Stone Soup version 0.30-a0-1075-gcd70e7a56d (webtiles) character file.

Game seed: 8601001996652541841

1180 PublicDefender the Cleaver (level 8, -1/71 HPs)
             Began as a Hill Orc Fighter on Apr 14, 2023.
             Was a Follower of Beogh.
             Slain by a gnoll sergeant
             ... wielding a +0 spear
              (8 damage)
             ... on level 5 of the Dungeon.
             The game lasted 00:10:35 (5202 turns).

PublicDefender the Cleaver (Hill Orc Fighter)       Turns: 5202, Time: 00:10:35

Health: -1/71      AC:  7    Str: 21    XL:     8   Next: 42%
Magic:  8/8        EV:  9    Int:  8    God:    Beogh [*.....]
Gold:   78         SH:  4    Dex: 10    Spells: 7/7 levels left

rFire   + . .      SeeInvis .    a - +0 war axe
rCold   . . .      Faith    .    c - +0 buckler
rNeg    . . .      Spirit   .    b - +0 scale mail
rPois   .          Reflect  .    (no helmet)
rElec   .          Rampage  .    (no cloak)
rCorr   .                        (no gloves)
Will    +....                    (no boots) Stlth
                                 (no amulet)
HPRegen 0.31/turn                j - ring of willpower
MPRegen 0.11/turn                t - ring of protection from fire

@: no status effects
A: no striking features
a: Renounce Religion


You were on level 5 of the Dungeon.
You worshipped Beogh.
Beogh was aware of your devotion.
You visited 1 branch of the dungeon, and saw 5 of its levels.

You collected 243 gold pieces.
You spent 165 gold pieces at shops.

Inventory:

Hand Weapons
 a - a +0 war axe (weapon)
Armour
 b - a +0 scale mail (worn)
 c - a +0 buckler (worn)
Jewellery
 j - a ring of willpower (left hand)
 t - a ring of protection from fire (right hand)
 y - a ring of fire
Wands
 q - a wand of light (1)
 u - a wand of roots (9)
Scrolls
 f - 4 scrolls of identify {unknown}
 h - a scroll of poison {unknown}
 k - 3 scrolls of fog {unknown}
 l - 3 scrolls of teleportation {unknown}
 m - a scroll of magic mapping {unknown}
 n - a scroll of vulnerability {unknown}
 v - a scroll of enchant weapon {unknown}
 w - a scroll of blinking {unknown}
 x - a scroll of enchant armour {unknown}
Potions
 d - 3 potions of might
 e - 2 potions of heal wounds {unknown}
 g - 7 potions of curing {unknown}
 i - a potion of berserk rage {unknown}
 o - a potion of ambrosia {unknown}
 p - a potion of brilliance {unknown}
 r - a potion of flight {unknown}
 s - a potion of magic {unknown}


   Skills:
 + Level 6.5 Fighting
 + Level 9.0 Axes
 + Level 5.6 Armour
 + Level 1.5 Dodging
 + Level 0.7 Stealth
 + Level 4.4 Shields


You had 7 spell levels left.
You didn't know any spells.
Your spell library contained the following spells:

 Spells                   Type           Power      Damage    Failure   Level
 Ignite Poison            Fire/Tmut/Pois 0%         N/A       99%         3
 Stone Arrow              Conj/Erth      0%         3d7       99%         3
 Summon Guardian Golem    Hex/Summ       0%         N/A       99%         3
 Animate Armour           Summ/Erth      0%         N/A       100%        4
 Sticky Flame             Conj/Fire      0%         2d3       100%        4
 Orb of Destruction       Conj           0%         9d5       100%        7
 Spellforged Servitor     Conj/Summ      0%         N/A       100%        7
 Ignition                 Fire           0%         3d3       100%        8
 Lehudib's Crystal Spear  Conj/Erth      0%         10d2      100%        8


Dungeon Overview and Level Annotations

Branches:
Dungeon (5/15)
 Temple: D:4-7

Altars:
Ru

Shops:
D:4 *


Message History

The ice beast is heavily wounded.
You block the gnoll sergeant's attack. You block the ice beast's attack.
You closely miss the ice beast.
The ice beast is heavily wounded.
The gnoll sergeant hits you from afar with a +0 spear.
You block the ice beast's attack.
You hit the ice beast but do no damage.
The ice beast is heavily wounded.
The gnoll sergeant hits you from afar with a +0 spear.
The ice beast hits you but does no damage.
You hit the ice beast.
The ice beast is severely wounded.
The gnoll sergeant hits you from afar with a +0 spear.
The ice beast barely misses you.
You closely miss the ice beast.
The ice beast is severely wounded.
The gnoll sergeant hits you from afar with a +0 spear.
* * * LOW HITPOINT WARNING * * *
The ice beast closely misses you.
You barely miss the ice beast.
The ice beast is severely wounded.
The gnoll sergeant hits you from afar with a +0 spear.
* * * LOW HITPOINT WARNING * * *
The ice beast closely misses you.
You slash the ice beast!
You kill the ice beast!
Beogh accepts your kill.
The gnoll sergeant hits you from afar with a +0 spear!
* * * LOW HITPOINT WARNING * * *
Your Axes skill increases to level 9!
The gnoll sergeant hits you but does no damage.
The gnoll barely misses you.
Things that are here:
a +0 flail; a gnoll corpse You barely miss the gnoll sergeant.
You block the gnoll sergeant's attack. The gnoll hits you but does no damage.
You slash the gnoll sergeant!
The gnoll sergeant is heavily wounded.
The gnoll sergeant hits you with a +0 spear!
You die...

.# #.## ###. ..#
#.# ## #..# .. #.#
.# ..# #. #.. .#
#..# ##.# #..##
#..# #...#
#######@##
#..###....##g#
##.........gg#
##...........g##
###..####........#
##..###
#.........# #..##
#.........### .###
#...........# ##
#...............


You could see a gnoll sergeant and 3 gnolls.

Vanquished Creatures
  Grinder (D:3)
  Eustachio (D:4)
  An ice beast (D:5)
  An ogre (D:4)
  A phantom (D:5)
  2 scorpions (D:5)
  A gnoll bouda (D:3)
  An orc priest (D:4)
  2 hounds
  Jessica (D:3)
  An iguana (D:4)
  A sleepcap (D:4)
  2 orc wizards (D:5)
  7 gnolls
  3 adders
  A white imp (D:4)
  An ufetubus (D:5)
  A worm (D:3)
  6 dart slugs
  14 orcs
  12 ball pythons
  5 bats
  9 endoplasms
  8 giant cockroaches
  9 goblins
  9 hobgoblins
  4 jackals (D:1)
  11 kobolds
  3 quokkas
  A jackal zombie (D:4)
  8 rats
128 creatures vanquished.

Notes
Turn   | Place    | Note
-------+----------+-------------------------------------------
     0 | D:1      | PublicDefender the Hill Orc Fighter began the quest for the
                  | Orb.
     0 | D:1      | Reached XP level 1. HP: 19/19 MP: 1/1
   191 | D:1      | Reached XP level 2. HP: 27/27 MP: 2/2
   273 | D:1      | Reached skill level 3 in Axes
   273 | D:1      | Reached XP level 3. HP: 33/33 MP: 3/3
   284 | D:1      | Found a faded altar of an unknown god.
   996 | D:2      | Reached XP level 4. HP: 41/41 MP: 4/4
  1097 | D:2      | Found a sacrificial altar of Ru.
  1607 | D:3      | Reached skill level 4 in Axes
  1762 | D:3      | Noticed Grinder
  1771 | D:3      | Killed Grinder
  1772 | D:3      | Reached skill level 5 in Fighting
  1772 | D:3      | Reached skill level 6 in Axes
  1772 | D:3      | Reached XP level 5. HP: 18/48 MP: 5/5
  1772 | D:3      | Reached XP level 6. HP: 21/56 MP: 6/6
  1952 | D:3      | Noticed Jessica
  1972 | D:3      | Killed Jessica
  2318 | D:3      | Became a worshipper of Beogh the Brigand
  2749 | D:3      | Reached XP level 7. HP: 45/61 MP: 7/7
  2811 | D:3      | Reached skill level 7 in Axes
  3496 | D:4      | HP: 2/61 [orc priest/divine providence (10)]
  3501 | D:4      | Fell from the grace of Beogh
  3502 | D:4      | Became a worshipper of Beogh the Brigand
  3511 | D:4      | HP: 2/61 [orc priest/+0 short sword (4)]
  3513 | D:4      | Reached skill level 1 in Dodging
  3739 | D:4      | Found Sammuib's Assorted Antiques.
  3747 | D:4      | Bought a runed copper ring for 165 gold pieces
  3797 | D:4      | Noticed Eustachio
  3839 | D:5      | Entered Level 5 of the Dungeon
  3864 | D:4      | Killed Eustachio
  3865 | D:4      | Reached skill level 5 in Armour
  4654 | D:5      | Reached skill level 8 in Axes
  4654 | D:5      | Reached XP level 8. HP: 63/70 MP: 8/8
  4839 | D:5      | Reached * piety under Beogh
  5200 | D:5      | Reached skill level 9 in Axes
  5202 | D:5      | Slain by a gnoll sergeant

Illustrated notes

Levels and vault maps discovered:
D:1:      giann_wishing_wells, layout_rooms, basic_ecumenical_altar,
          minmay_misc_feat_roman, minmay_box_of_dots
D:2:      minmay_chambers_of_ones, layout_basic, basic_altar,
          kennysheep_generic_room_6
D:3:      layout_loops_ring, corexii_item_surrounded_by_moat, uniq_grinder,
          uniq_jessica
D:4:      layout_basic, serial_shops, shop, enter_ossuary_3, uniq_eustachio
D:5:      layout_cave_pods

Skill      XL: |  1  2  3  4  5  6  7  8 |
---------------+-------------------------+-----
Fighting       | 4 5 6 |  6.5
Axes           | 3 6 8 9 |  9.0
Armour         | 4 5 |  5.6
Shields        | 4 |  4.4
Dodging        | 1 |  1.5
Stealth        | |  0.7

Action                     |  1- 3 |  4- 6 |  7- 9 || total
---------------------------+-------+-------+-------++-------
  Melee: War axe           |    98 |    90 |   162 ||   350
 Invoke: Convert to Beogh  |       |     1 |     1 ||     2
         Renounce Religion |       |       |     1 ||     1
 Armour: Scale mail        |    38 |    33 |    64 ||   135
  Dodge: Dodged            |    45 |    34 |    90 ||   169
  Block: Buckler           |    27 |    22 |    40 ||    89

Table legend: (Time is in decaauts)
 A = Elapsed time spent in this place.
 B = Non-inter-level travel time spent in this place.
 C = Inter-level travel time spent in this place.
 D = Time resting spent in this place.
 E = Time spent auto-exploring this place.
 F = Levels seen in this place.
 G = Mean time per level.
                   A        B        C        D        E       F      G
               +--------+--------+--------+--------+--------+-----+--------+
         Total |   5289 |   5286 |      3 |   1055 |   3169 |   5 | 1057.8 |
       Dungeon |   5289 |   5286 |      3 |   1055 |   3169 |   5 | 1057.8 |
               +--------+--------+--------+--------+--------+-----+--------+

Top non-repeatable levels by time:
     D:4: 1583 daAuts
     D:3: 1312 daAuts
     D:1: 864 daAuts
     D:2: 780 daAuts
     D:5: 749 daAuts
